 Dungeon Crawl Stone Soup version 0.27.1-33-g824d729ab1 (webtiles) character file.

Game seed: 18091546912707172553

205 Grabarz the Grave Robber (level 5, -2/28 HPs)
             Began as a Deep Elf Necromancer on Dec 8, 2021.
             Killed from afar by Blork the orc (7 damage)
             ... with a magic dart
             ... on level 4 of the Dungeon.
             The game lasted 00:35:10 (4973 turns).

Grabarz the Grave Robber (Deep Elf Necromancer)     Turns: 4973, Time: 00:35:11

Health: -2/28      AC:  3    Str:  5    XL:     5   Next: 52%
Magic:  10/14      EV: 13    Int: 21    God:
Gold:   221        SH:  0    Dex: 15    Spells: 1/14 levels left

rFire    . . .     SeeInvis +   f - +2 dagger (flame)
rCold    . . .     Faith    .   (no shield)
rNeg     . . .     Spirit   .   a - +1 robe
rPois    .         Reflect  .   (no helmet)
rElec    .         Harm     .   (no cloak)
rCorr    .         Rampage  .   (no gloves)
Will     .....                  (no boots)
Stlth    ++........             (no amulet)
HPRegen  0.09/turn              e - ring of see invisible
MPRegen  0.14/turn              (no ring)

@: no status effects
A: no striking features
a: no special abilities


You were on level 4 of the Dungeon.
You visited 1 branch of the dungeon, and saw 6 of its levels.

You collected 221 gold pieces.

Inventory:

Hand Weapons
 f - a +2 dagger of flaming (weapon)
Armour
 a - a +1 robe (worn)
Jewellery
 e - a ring of see invisible (left hand)
Wands
 h - a wand of paralysis (8)
Scrolls
 b - a scroll of enchant armour
 c - a scroll of teleportation
 i - 3 scrolls of identify
 j - a scroll of silence {unknown}
Potions
 d - a potion of brilliance
 g - 2 potions of heal wounds {unknown}
 k - a potion of degeneration {unknown}
 l - a potion of haste {unknown}


   Skills:
 + Level 3.7 Dodging
 + Level 3.6 Stealth
 * Level 5.0 Spellcasting
 * Level 6.2 Necromancy


You had one spell level left.
You knew the following spells:

 Your Spells              Type           Power      Damage    Failure   Level
a - Pain                  Necr           100%       1d9       1%          1
b - Vampiric Draining     Necr           15%        2d8       2%          3
c - Animate Dead          Necr           15%        N/A       9%          4
d - Agony                 Necr           31%        N/A       24%         5

Your spell library contained the following spells:

 Spells                   Type           Power      Damage    Failure   Level
 Animate Skeleton         Necr           62%        N/A       1%          1
 Freeze                   Ice            20%        1d4       11%         1
 Magic Dart               Conj           20%        1d4       11%         1
 Searing Ray              Conj           10%        3d3       16%         2
 Frozen Ramparts          Ice            10%        1d3       32%         3
 Gell's Gravitas          Tloc           2%         N/A       32%         3
 Teleport Other           Tloc           5%         N/A       32%         3
 Fulminant Prism          Conj/Hex       2%         3d6       71%         4
 Hailstorm                Conj/Ice       5%         3d4       71%         4
 Dispersal                Tloc           2%         N/A       100%        6


Dungeon Overview and Level Annotations

Branches:
Dungeon (6/15)
 Temple: D:4-7

Altars:
Kikubaaqudgha
Nemelex Xobeh
Uskayaw
Yredelemnul
Zin

Annotations:
D:4 Blork the orc, Dowan, Duvessa


Message History

Aiming: Pain (safe; 1% risk of failure)
Press: ? - help, Q - select action, (/) - cycle Shift-Dir - straight line, f - you
Okay, then.
Aiming: Pain (safe; 1% risk of failure)
Press: ? - help, Q - select action, (/) - cycle Shift-Dir - straight line, f - Blork the orc
Aim: Blork the orc, wielding a +0 scimitar and wearing a +2 robe (chance to affect: 84%) Blork the orc writhes in agony.
Blork the orc casts a spell at you. The puff of flame misses you.
Aiming: Pain (safe; 1% risk of failure)
Press: ? - help, Q - select action, (/) - cycle Shift-Dir - straight line, f/p - Blork the orc
Aim: Blork the orc, wielding a +0 scimitar and wearing a +2 robe (lightly wounded, chance to affect: 84%) Blork the orc writhes in agony!
Blork the orc mumbles some strange words.
Blork the orc seems to speed up.
Aiming: Pain (safe; 1% risk of failure)
Press: ? - help, Q - select action, (/) - cycle Shift-Dir - straight line, f/p - Blork the orc
Aim: Blork the orc, wielding a +0 scimitar and wearing a +2 robe (heavily wounded, fast, chance to affect: 84%) Blork the orc writhes in agony.
Aiming: Pain (safe; 1% risk of failure)
Press: ? - help, Q - select action, (/) - cycle Shift-Dir - straight line, f/p - Blork the orc
Aim: Blork the orc, wielding a +0 scimitar and wearing a +2 robe (heavily wounded, fast, chance to affect: 84%) Blork the orc writhes in agony.
You hit Blork the orc. You burn Blork the orc.
Blork the orc is almost dead.
Blork the orc points at you and mumbles some strange words.
The puff of flame hits you!
Aiming: Pain (safe; 1% risk of failure)
Press: ? - help, Q - select action, (/) - cycle Shift-Dir - straight line, f/p - Blork the orc
Aim: Blork the orc, wielding a +0 scimitar and wearing a +2 robe (almost dead, fast, chance to affect: 84%) Blork the orc writhes in agony.
Blork the orc closely misses you.
Blork the orc hits you with a +0 scimitar!
* * * LOW HITPOINT WARNING * * *
Blork the orc begins to cast a cantrip, but forgets the words!
Blork the orc points at you and mumbles some strange words.
The puff of frost misses you.
Blork the orc gestures at you while chanting.
The magic dart hits you!
You die...

.. #.####....).........
......##...................
................)..........
...........................
...........................
...........###.....##......
...?........##.....##......
............##......#......
.......o..@............####
.......#................##.
.......#........####.##.###
.$...............##..##..##
.................###......#
#...#...#..............#...
#....####.#............#...
..... ###........######..
###.....#### #..


You could see Blork the orc (fast).

Vanquished Creatures
  A hound (D:2)
  An orc priest (D:2)
  A bullfrog skeleton (D:4)
  3 adders
  A worm (D:2)
  A dart slug (D:1)
  8 orcs
  7 ball pythons
  6 bats
  4 endoplasms (D:1)
  7 giant cockroaches
  3 goblins
  7 hobgoblins
  6 jackals
  A quokka (D:3)
  3 frilled lizards (D:1)
  4 kobolds
  4 rats
  A spectral goblin (D:1)
69 creatures vanquished.

Vanquished Creatures (collateral kills)
  An endoplasm (D:3)
  A kobold (D:3)
2 creatures vanquished.

Grand Total: 71 creatures vanquished

Notes
Turn   | Place    | Note
-------+----------+-------------------------------------------
     0 | D:1      | Grabarz the Deep Elf Necromancer began the quest for the
                  | Orb.
     0 | D:1      | Reached XP level 1. HP: 10/10 MP: 6/6
   159 | D:1      | Reached skill level 5 in Necromancy
   538 | D:1      | Reached XP level 2. HP: 13/15 MP: 6/8
   725 | D:1      | Found a faded altar of an unknown god.
  1373 | D:1      | Reached XP level 3. HP: 16/19 MP: 6/10
  1407 | D:1      | Learned a level 3 spell: Vampiric Draining
  2091 | D:2      | Reached XP level 4. HP: 18/24 MP: 6/12
  2930 | D:2      | Learned a level 4 spell: Animate Dead
  3054 | D:3      | Reached XP level 5. HP: 26/28 MP: 10/14
  3199 | D:3      | Found a sparkling altar of Nemelex Xobeh.
  3557 | D:3      | Reached skill level 6 in Necromancy
  3937 | D:3      | Found a glowing silver altar of Zin.
  3940 | D:3      | Found a hide-covered altar of Uskayaw.
  3943 | D:3      | Found a basalt altar of Yredelemnul.
  4547 | D:4      | Reached skill level 5 in Spellcasting
  4647 | D:4      | You fall into a shaft and drop 2 floors!
  4662 | D:6      | Learned a level 5 spell: Agony
  4671 | D:5      | Entered Level 5 of the Dungeon
  4734 | D:4      | Found an ancient bone altar of Kikubaaqudgha.
  4838 | D:4      | Noticed Duvessa
  4840 | D:4      | Noticed Dowan
  4962 | D:4      | Noticed Blork the orc
  4973 | D:4      | Killed from afar by Blork the orc

Illustrated notes

Levels and vault maps discovered:
D:1:      dpeg_arrival_boxes_within_box, layout_rooms,
          dreamdust_ecumenical_altar_drowned_temple, hangedman_decor_points,
          glass_columns_b, minmay_pentomino_o4
D:2:      cheibrodos_pilgrimage, layout_basic, roderic_filled_cross,
          kennysheep_minor_cross
D:3:      layout_basic, grunt_temple_overflow_diamond, overflow_temple_1_default
D:4:      layout_cave_pools, mainiacjoe_overflow_chevrons,
          grunt_decor_resistance, uniq_blork_the_orc, uniq_duvessa
D:5:      layout_loops_ring, kennysheep_mini_moat, minmay_temple_entry_junction
D:6:      layout_cave_pods, nicolae_overflow_hidden_temple,
          gup_sewer_entry_glass, serial_shops, nicolae_shop_trees,
          hellmonk_ghost_happy_afterlife, uniq_sigmund

Skill      XL: |  1  2  3  4  5 |
---------------+----------------+-----
Necromancy     | 5 6 |  6.2
Dodging        | 3 |  3.7
Stealth        | 3 |  3.6
Spellcasting   | 4 5 |  5.0

Action                   |  1- 3 |  4- 6 || total
-------------------------+-------+-------++-------
Melee: Unarmed           |    33 |       ||    33
       Dagger            |       |    11 ||    11
 Cast: Pain              |    62 |    59 ||   121
       Vampiric Draining |     2 |     4 ||     6
       Animate Dead      |       |     3 ||     3
  Use: Scroll            |     5 |     4 ||     9
       Potion            |       |     1 ||     1
Armor: Robe              |    10 |     8 ||    18
Dodge: Dodged            |    27 |    18 ||    45
